 Dungeon Crawl Stone Soup version 0.18.1-8-gdd0e5ea (webtiles) character file.

42 MessengerOfRage the Conjurer (level 3, -1/19 HPs)
             Began as a Deep Elf Conjurer on June 1, 2016.
             Slain by a gnoll
             ... wielding a +0 spear
              (7 damage)
             ... on level 2 of the Dungeon.
             The game lasted 00:14:55 (1094 turns).

MessengerOfRage the Conjurer (Deep Elf Conjurer)    Turns: 1094, Time: 00:14:55

Health: -1/19      AC:  2    Str:  6    XL:     3   Next: 33%
Magic:  1/9        EV:  8    Int: 19    God:
Gold:   77         SH:  0    Dex: 15    Spells: 3 memorised, 2 levels left

rFire  . . .     SeeInvis .     h - +0 club
rCold  . . .     Gourm    .     a - +0 robe
rNeg   . . .     Faith    .     (no shield)
rPois  .         Spirit   .     (no helmet)
rElec  .         Dismiss  .     (no cloak)
rCorr  .         Reflect  .     (no gloves)
SustAt .         Harm     .     (no boots)
MR     .....                    (no amulet)
Stlth  ++........               (no ring)
                                (no ring)

@: very slightly contaminated, not resistant to hostile enchantments, unstealthy
A: no striking features
a: no special abilities


You were on level 2 of the Dungeon.
You were not hungry.

You visited 1 branch of the dungeon, and saw 2 of its levels.

You collected 77 gold pieces.

Inventory:

Hand Weapons
 h - a +0 club (weapon)
 k - a +0 dagger
 p - a +0 short sword
 s - a +0 hunting sling
 x - a +0 dagger
 y - a +0 whip
 A - a +0 club
 B - a +0 dagger
 C - a +0 whip
Missiles
 o - 15 bolts
 q - 16 stones (quivered)
 w - 6 poisoned needles
Armour
 a - a +0 robe (worn)
 g - a +0 buckler
 m - a +0 ring mail
 u - a +0 pair of gloves
Jewellery
 v - an uncursed amulet of magic regeneration {unknown}
Scrolls
 e - a scroll of teleportation {unknown}
 f - a scroll of remove curse {unknown}
 j - a scroll of blinking {unknown}
 l - a scroll of enchant weapon {unknown}
 r - 2 scrolls of identify {unknown}
 t - a scroll of fog {unknown}
Potions
 i - a potion of lignification {unknown}
Books
 b - a book of Conjurations

   Spells                             Type                      Level
   a - Magic Dart                     Conjuration                  1
   b - Searing Ray                    Conjuration                  2
   c - Dazzling Spray                 Conjuration/Hexes            3
   d - Fulminant Prism                Conjuration/Hexes            4
   e - Iskenderun's Mystic Blast      Conjuration                  4
   f - Iskenderun's Battlesphere      Conjuration/Charms           5
Comestibles
 c - 2 bread rations
 d - a slice of pizza
 n - 3 fruits
 z - 3 chunks of flesh
 D - a beef jerky


   Skills:
 - Level 2.4 Dodging
 - Level 2.4 Stealth
 - Level 3.0 Spellcasting
 * Level 5.6 Conjurations


You had 2 spell levels left.
You knew the following spells:

 Your Spells              Type           Power        Failure   Level  Hunger
a - Magic Dart            Conj           ###.         1%          1    None
b - Searing Ray           Conj           ###...       2%          2    ##.....
c - Dazzling Spray        Conj/Hex       ##......     14%         3    ###....


Dungeon Overview and Level Annotations

Branches:
Dungeon (2/15)

Altars:


Message History

Press: ? - help, Shift-Dir - straight line, f/p - gnoll
Aim: a gnoll, wielding a spear (severely wounded)
You throw a stone.
The stone hits the gnoll but does no damage.
The gnoll is severely wounded.
The gnoll closely misses you.
Throwing (i - inventory):
q - 17 stones (quivered)
Press: ? - help, Shift-Dir - straight line, f/p - gnoll
Aim: a gnoll, wielding a spear (severely wounded)
You throw a stone.
The stone hits the gnoll but does no damage.
The gnoll is severely wounded.
The gnoll hits you from afar with a spear.
The gnoll closely misses you.
The gnoll hits you from afar with a spear!
Ouch! That really hurt!
* * * LOW HITPOINT WARNING * * *
There is an escape hatch in the ceiling here.
The gnoll hits you from afar with a spear!
You die...

#.#.##.# .#
##.###.#####.# #.# ...
#.......# #.# .##.
####.#.## #.# #. #.
###.#..# #.# # ..
..###.## #.#
###.#...####.###
................#
###..##.@.......#
........g.......#
.....##..g......#
###...#.g.......# #
#..........# #.
##.........#####
####..##...............
#................######
..##..######.#.###


You could see 3 gnolls.

Vanquished Creatures
  A gnoll (D:2)
  An adder (D:2)
  2 dart slugs
  2 bats
  A giant cockroach (D:2)
  3 goblins
  2 hobgoblins
  A kobold (D:1)
  2 giant newts
  3 rats
18 creatures vanquished.

Notes
Turn   | Place    | Note
--------------------------------------------------------------
     0 | D:1      | MessengerOfRage the Deep Elf Conjurer began the quest for the Orb.
     0 | D:1      | Reached XP level 1. HP: 10/10 MP: 6/6
   275 | D:1      | Reached XP level 2. HP: 15/15 MP: 6/8
   590 | D:1      | Reached skill level 5 in Conjurations
   992 | D:2      | Learned a level 2 spell: Searing Ray
  1020 | D:2      | Reached XP level 3. HP: 19/19 MP: 4/9
  1067 | D:2      | Learned a level 3 spell: Dazzling Spray
  1094 | D:2      | Slain by a gnoll

Skill      XL: |  1  2 |
---------------+-------+-----
Conjurations   | 5 |  5.6
Dodging        | |  2.4
Stealth        | |  2.4
Spellcasting   | |  3.0

Action                   || total
-------------------------++-------
Throw: Stone             ||     2
 Cast: Magic Dart        ||    37
Armor: Robe              ||     2
Dodge: Dodged            ||     7
